 Dungeon Sprint DCSS version 0.21-a0-265-gb353147 (webtiles) character file.

9 Kidiri the Skirmisher (level 2, 0/28 HPs)
             Began as a Hill Orc Monk on Sept 12, 2017.
             Killed from afar by an orc wizard (5 damage)
             ... with a magic dart
             ... in the Dungeon (Sprint V: "Ziggurat Sprint").
             The game lasted 00:00:26 (57 turns).

Kidiri the Skirmisher (Hill Orc Monk)                 Turns: 57, Time: 00:00:26

Health: 0/28       AC:  2    Str: 19    XL:     2   Next: 16%
Magic:  3/4        EV: 14    Int: 10    God:
Gold:   0          SH:  0    Dex: 19    Spells: 4/4 levels left

rFire    . . .     SeeInvis .   a - +0 mace
rCold    . . .     Gourm    .   (no shield)
rNeg     . . .     Faith    .   b - +0 robe
rPois    .         Spirit   .   (no helmet)
rElec    .         Reflect  .   (no cloak)
rCorr    .         Harm     .   (no gloves)
MR       .....     NoTele   +   (no boots)
Stlth    ++........             (no amulet)
HPRegen  0.09/turn              y - +6 ring of dexterity
MPRegen  0.09/turn              C - +6 ring of strength

@: no status effects
A: no striking features
a: no special abilities


You were in the Dungeon.
You were not hungry.

You visited 1 branch

Inventory:

Hand Weapons
 a - a +0 mace (weapon)
Armour
 b - a +0 robe (worn)
Jewellery
 y - a +6 ring of dexterity (left hand)
 z - a +6 ring of dexterity
 A - a +6 ring of intelligence
 B - a +6 ring of intelligence
 C - a +6 ring of strength (right hand)
 D - a +6 ring of strength
Wands
 E - a wand of disintegration (7/24)
 F - a wand of iceblast (5/15)
 G - a wand of lightning (5/15)
 H - a wand of acid (5/15)
Scrolls
 i - 4 scrolls of blinking
 p - 4 scrolls of amnesia
 q - 3 scrolls of recharging
 r - 7 scrolls of fog
 s - a scroll of holy word
 t - 5 scrolls of identify
 u - 5 scrolls of remove curse
 v - 2 scrolls of fear
Potions
 d - 10 potions of curing
 e - 10 potions of heal wounds
 f - 6 potions of haste
 g - 7 potions of magic
 h - 3 potions of berserk rage
 j - 2 potions of brilliance
 k - 2 potions of invisibility
 l - 4 potions of resistance
 n - 5 potions of agility
 o - 5 potions of might
Comestibles
 c - 5 bread rations
 w - 42 fruits
 x - 4 meat rations


   Skills:
 + Level 4.7 Fighting
 + Level 4.4 Maces & Flails
 + Level 1.8 Throwing
 + Level 2.2 Armour
 + Level 3.1 Dodging
 + Level 2.7 Stealth
 + Level 2.2 Unarmed Combat
 + Level 1.6 Spellcasting
 + Level 2.0 Evocations


You had 4 spell levels left.
You didn't know any spells.

Dungeon Overview and Level Annotations

Branches:
Dungeon (1/1)

Altars:
Ashenzari
Cheibriados
Dithmenos
Elyvilon
Fedhas
Gozag
Hepliaklqana
Kikubaaqudgha
Makhleb
Nemelex Xobeh
Okawaru
Qazlal
Ru
Sif Muna
Trog
Uskayaw
Vehumet
Wu Jian
Xom
Yredelemnul
Zin
The Shining One
Beogh
Jiyva
Lugonu

Annotations:
D 1 transporter


Message History

Welcome to arena 2.
You enter the transporter and appear at another place.
An orc and 2 orc wizards come into view.
The orc is wielding a mace of protection.
Found three items.
Found a transporter.
Unknown command.
You barely miss the orc wizard.
The orc wizard shouts!
The orc wizard gestures wildly while chanting.
The orc wizard blinks!
The orc hits you with a mace of protection.
The orc wizard hits you but does no damage.
You hit the orc wizard but do no damage.
The orc closely misses you. The orc wizard closely misses you.
You completely miss the orc wizard.
The orc hits you with a mace of protection!
* * * LOW HITPOINT WARNING * * *
The orc wizard points at you and mumbles some strange words.
The magic dart hits you!
You die...

▓▓▓▓▓▓▓▓▓▓▓▓▓
▓.8©8.▓.8©8.▓
▓.|[§.▓.....▓
▓.oo..▓.=.[.▓
▓.o@..▓.....▓
▓.....▓.....▓
▓.....▓..©..▓
▓..©..▓▓▓▓▓▓▓
▓▓▓▓▓▓▓


You could see 2 orc wizards and an orc.

Vanquished Creatures
  2 ball pythons (D)
2 creatures vanquished.

Notes
Turn   | Place    | Note
-------+----------+-------------------------------------------
     0 | D        | Found the +6 Majin-Bo {vamp, Archmagi MP+6 Int+6}
     0 | D        | Found the +7 great mace "Firestarter" {inner flame, rF++}
     0 | D        | Kidiri the Hill Orc Monk began the quest for the Orb.
     0 | D        | Reached XP level 1. HP: 19/19 MP: 1/1
     0 | D        | Found a deep blue altar of Sif Muna.
     0 | D        | Found a bloodstained altar of Trog.
     0 | D        | Found a sacrificial altar of Ru.
     0 | D        | Found a stormy altar of Qazlal.
     0 | D        | Found an iron altar of Okawaru.
     1 | D        | Found a sparkling altar of Nemelex Xobeh.
     1 | D        | Found a blossoming altar of Fedhas.
     3 | D        | Found a transporter.
     3 | D        | Found an ancient bone altar of Kikubaaqudgha.
     3 | D        | Found a viscous altar of Jiyva.
     3 | D        | Found a corrupted altar of Lugonu.
     3 | D        | Found a hazy altar of Hepliaklqana.
     3 | D        | Found a burning altar of Makhleb.
     3 | D        | Found an opulent altar of Gozag.
    33 | D        | Reached skill level 1 in Throwing
    33 | D        | Reached skill level 1 in Spellcasting
    33 | D        | Reached XP level 2. HP: 28/28 MP: 1/4
    40 | D        | Entered arena 2.
    40 | D        | Found a transporter.
    51 | D        | Entered arena 3.
    51 | D        | Found a transporter.
    57 | D        | Killed from afar by an orc wizard

Vault maps used:
D:        sprint_v

Skill      XL: |  1 |
---------------+----+-----
Fighting       | 4 |  4.7
Maces & Flails | 4 |  4.4
Throwing       | 1 |  1.8
Armour         | 2 |  2.2
Dodging        | 3 |  3.1
Stealth        | 2 |  2.7
Unarmed Combat | 2 |  2.2
Spellcasting   | 1 |  1.6
Evocations     | 2 |  2.0

Action                   || total
-------------------------++-------
Melee: Mace              ||     8
  Use: Potion            ||     1
Armor: Robe              ||     2
Dodge: Dodged            ||     9

Table legend:
 A = Spawn XP
 B = Non-spawn XP
 C = Spawn XP percentage of total XP
 D = Spawn monster count
 E = Non-spawn monster count
 F = Spawn count percentage of total count
 G = Total turns spent on level
                    A         B        C        D         E        F      G
               +---------+---------+-------+---------+---------+-------+---------
         Total |       0 |       4 |   0.0 |       0 |       2 |   0.0 |    57
               +---------+---------+-------+---------+---------+-------+---------
             D |       0 |       4 |   0.0 |       0 |       2 |   0.0 |    57
               +---------+---------+-------+---------+---------+-------+---------
